 Dungeon Crawl Stone Soup version 0.28.0 (webtiles) character file.

Game seed: 8828041691841818594

52 shoop the Sneak (level 3, -2/15 HPs)
             Began as a Felid Transmuter on Feb 15, 2022.
             Killed by nerve-wracking pain
             ... invoked by Jessica
              (14 damage)
             ... on level 2 of the Dungeon.
             The game lasted 00:03:41 (2183 turns).

shoop the Sneak (Felid Transmuter)                  Turns: 2183, Time: 00:03:42

Health: -2/15      AC:  1    Str:  8    XL:     3   Next: 60%
Magic:  16/16      EV: 17    Int: 14    God:
Gold:   66         SH:  0    Dex: 16    Spells: 2/6 levels left
                                        Lives:  0   Deaths: 0

rFire   . . .      SeeInvis +     - Unarmed
rCold   . . .      Faith    .   (shield unavailable)
rNeg    . . .      Spirit   .   (armour unavailable)
rPois   .          Reflect  .   (helmet unavailable)
rElec   .          Harm     .   (cloak unavailable)
rCorr   .          Rampage  .   (gloves unavailable)
Will    .....                   (boots unavailable)
Stlth   +++.......              (no amulet)
HPRegen 0.05/turn               d - ring of magical power
MPRegen 0.15/turn               (no ring)

@: appendages (expiring), quick
A: horns 2, very small, claws 1, fangs 3, see invisible, speed 1, shaggy fur 1,
stealthy paws, no weapons or thrown items, no armour, multi-lived
a: End Transformation


You were on level 2 of the Dungeon.
You had temporarily grown beastly horns.
You visited 1 branch of the dungeon, and saw 2 of its levels.

You collected 66 gold pieces.

Inventory:

Jewellery
 d - a ring of magical power (left paw)
Scrolls
 c - 3 scrolls of identify {unknown}
Potions
 a - a potion of curing
 b - a potion of lignification {unknown}
 e - a potion of invisibility {unknown}
 f - a potion of might {unknown}
 g - a potion of attraction {unknown}


   Skills:
 - Level 1.0 Fighting
 - Level 3.0 Dodging
 - Level 4.0 Stealth
 - Level 3.0 Unarmed Combat
 - Level 2.0 Spellcasting
 + Level 2.5 Transmutations
 + Level 0.8 Poison Magic


You had 2 spell levels left.
You knew the following spells:

 Your Spells              Type           Power      Damage    Failure   Level
a - Beastly Appendage     Tmut           16%        N/A       9%          1
b - Spider Form           Tmut/Pois      6%         N/A       34%         3

Your spell library contained the following spells:

 Spells                   Type           Power      Damage    Failure   Level
 Wereblood                Tmut           8%         N/A       13%         2
 Ice Form                 Ice/Tmut       4%         N/A       80%         4


Dungeon Overview and Level Annotations

Branches:
Dungeon (2/15)

Altars:

Annotations:
D:2 Jessica


Innate Abilities, Weirdness & Mutations

You have temporarily grown beastly horns.
You have sharp claws.
You have razor-sharp teeth.
You have supernaturally acute eyesight. (SInv)
You cover ground quickly. (Speed+)
You are covered in fur. (AC +1)
Your paws help you pounce on unaware monsters.
You are incapable of wielding weapons or throwing items.
You cannot wear armour.
You gain extra lives every three experience levels.


Message History

A goblin comes into view. It is wielding a +0 dagger.
Jessica shouts!
Jessica casts a spell at you. Pain shoots through your body!
Casting: Beastly Appendage (safe; 9% risk of failure)
Confirm with . or Enter, or press ? or * to list all spells.
You grow a pair of large bovine horns.
Jessica mumbles something strange.
Jessica hits you with a +0 dagger.
* * * LOW HITPOINT WARNING * * *
You scratch Jessica but do no damage.
It was a potion of curing.
You feel better.
Jessica looks very angry.
Jessica gestures wildly while chanting.
Jessica blinks!
The goblin hits you but does no damage.
Jessica gestures wildly while chanting.
Jessica blinks!
You scratch the goblin.
You kill the goblin!
Your transformation is almost over.
You start resting.
Magic restored.
Casting: Beastly Appendage (safe; 9% risk of failure)
Confirm with . or Enter, or press ? or * to list all spells.
Okay, then.
Unknown command.
You start resting.
Jessica is nearby!
Jessica misses you.
You barely miss Jessica. You scratch Jessica. Your claw misses Jessica.
Jessica is lightly wounded.
Jessica completely misses you.
You scratch Jessica.
Jessica is heavily wounded.
Jessica gestures wildly.
Jessica casts a spell at you. Pain shoots through your body!
Ouch! That really hurt!
You die...

##...####.........##
#....>..+.........'.
##......#.........##
#...##.##.......##
#.#.# .###.....##
#...# # ##...##
#.### ##'## #.####.#
##.###### #.@....#
#.......# #@######
#..####.# #... ..
##....##.# #..#
##.#....)##.# #..#
............. #.?.
#.##....##.# #.## #.
#..####.# #. #
#.......# ##.######


You could see Jessica.

Vanquished Creatures
  A gnoll (D:2)
  A worm (D:2)
  6 endoplasms
  3 giant cockroaches (D:1)
  4 goblins
  4 hobgoblins
  3 jackals (D:1)
  A kobold (D:1)
  2 quokkas
  2 ball pythons (D:1)
  A bat (D:1)
  2 frilled lizards (D:1)
  5 rats
35 creatures vanquished.

Notes
Turn   | Place    | Note
-------+----------+-------------------------------------------
     0 | D:1      | shoop the Felid Transmuter began the quest for the Orb.
     0 | D:1      | Reached XP level 1. HP: 9/9 MP: 4/4
   126 | D:1      | Reached skill level 1 in Stealth
   171 | D:1      | Reached skill level 2 in Stealth
   402 | D:1      | Reached XP level 2. HP: 12/12 MP: 6/6
   824 | D:1      | Reached skill level 3 in Stealth
  1461 | D:1      | Reached skill level 4 in Stealth
  1509 | D:1      | Reached XP level 3. HP: 14/15 MP: 7/7
  1546 | D:1      | Learned a level 3 spell: Spider Form
  2161 | D:2      | Noticed Jessica
  2183 | D:2      | Killed from afar by Jessica

Illustrated notes

Levels and vault maps discovered:
D:1:      wander_arrival_lonely_grave, layout_rooms
D:2:      layout_loops_corners, uniq_jessica

Skill      XL: |  1  2  3 |
---------------+----------+-----
Stealth        | 2 4 |  4.0
Dodging        | 3 |  3.0
Fighting       | |  1.0
Unarmed Combat | |  3.0
Spellcasting   | |  2.0
Transmutations | |  2.5
Poison Magic   | |  0.8

Action                   || total
-------------------------++-------
Melee: Unarmed           ||    80
       Headbutt          ||     9
       Bite              ||     6
       Punch             ||     2
 Cast: Beastly Appendage ||    16
  Use: Potion            ||     1
 Stab: Sleeping          ||    10
Armor: Skin              ||     5
Dodge: Dodged            ||    37
